 Dungeon Crawl Stone Soup version 0.22-a0-422-g9628fc8 (webtiles) character file.

18 Mgcat the Gusty (level 2, -1/20 HPs)
             Began as a Draconian Air Elementalist on May 20, 2018.
             Slain by an orc wizard
             ... wielding a +0 dagger
              (5 damage)
             ... on level 2 of the Dungeon.
             The game lasted 00:01:59 (883 turns).

Mgcat the Gusty (Draconian Air Elementalist)         Turns: 883, Time: 00:02:00

Health: -1/20      AC:  4    Str: 10    XL:     2   Next: 51%
Magic:  0/5        EV: 12    Int: 15    God:
Gold:   19         SH:  0    Dex: 11    Spells: 2/5 levels left

rFire    . . .     SeeInvis .   a - -3 dagger (curse)
rCold    . . .     Gourm    .   (no shield)
rNeg     . . .     Faith    .   (armour unavailable)
rPois    .         Spirit   .   (helmet restricted)
rElec    .         Reflect  .   (no cloak)
rCorr    .         Harm     .   (no gloves)
MR       .....                  (no boots)
Stlth    ++........             h - amulet of inaccuracy (curse)
HPRegen  0.06/turn              (no ring)
MPRegen  0.09/turn              (no ring)

@: no status effects
A: unfitting armour, cold-blooded, AC +4
a: no special abilities


You were on level 2 of the Dungeon.
You were hungry.

You visited 1 branch of the dungeon, and saw 2 of its levels.

You collected 19 gold pieces.

Inventory:

Hand Weapons
 a - a cursed -3 dagger (weapon)
   (You took it off a kobold on level 1 of the Dungeon)
Jewellery
 h - a cursed amulet of inaccuracy (around neck)
   (You found it on level 1 of the Dungeon)
Scrolls
 c - 2 scrolls of identify
 i - a scroll of teleportation
Potions
 d - a potion of lignification {!q}
Comestibles
 b - a ration
 f - a chunk of flesh {@w0}


   Skills:
 - Level 1.7 Dodging
 - Level 1.7 Stealth
 + Level 2.3 Spellcasting
 + Level 1.6 Conjurations
 + Level 3.3 Air Magic


You had 2 spell levels left.
You knew the following spells:

 Your Spells              Type           Power        Failure   Level  Hunger
a - Shock                 Conj/Air       #...         8%          1    #......
b - Swiftness             Chrm/Air       #.......     17%         2    ###....

Your spell library contained the following spells:

 Spells                   Type           Power        Failure   Level  Hunger
 Lightning Bolt           Conj/Air       #.........   91%         5    ######.
 Airstrike                Air            ##........   50%         4    #####..
 Static Discharge         Conj/Air       #.......     24%         3    ###....


Dungeon Overview and Level Annotations

Branches:
Dungeon (2/15)

Altars:
Ru


Innate Abilities, Weirdness & Mutations

Your plain brown scales are hard. (AC +4)
You cannot fit into any form of body armour.
You are cold-blooded and may be slowed by cold attacks.


Message History

The orc wizard hits you but does no damage.
You barely miss the orc wizard.
The orc wizard hits you but does no damage.
You hit the orc wizard but do no damage.
The orc wizard hits you but does no damage.
You closely miss the orc wizard.
The orc wizard hits you but does no damage.
You barely miss the orc wizard.
The orc wizard hits you but does no damage.
You miss the orc wizard.
The orc wizard hits you but does no damage.
Casting: Shock (safe; 8% risk of failure)
Confirm with . or Enter, or press ? or * to list all spells.
Aiming: Shock (safe; 8% risk of failure)
Press: ? - help, Shift-Dir - straight line, f/p - orc wizard
Aim: an orc wizard, wielding a dagger and wearing a robe (mute)
The zap misses the orc wizard.
You are feeling hungry.
The orc wizard hits you but does no damage.
Casting: Shock (safe; 8% risk of failure)
Confirm with . or Enter, or press ? or * to list all spells.
Aiming: Shock (safe; 8% risk of failure)
Press: ? - help, Shift-Dir - straight line, f/p - orc wizard
Aim: an orc wizard, wielding a dagger and wearing a robe (mute)
The zap hits the orc wizard.
The orc wizard is lightly wounded.
The orc wizard hits you but does no damage.
Casting: Shock (safe; 8% risk of failure)
Confirm with . or Enter, or press ? or * to list all spells.
Aiming: Shock (safe; 8% risk of failure)
Press: ? - help, Shift-Dir - straight line, f/p - orc wizard
Aim: an orc wizard, wielding a dagger and wearing a robe (lightly wounded, mute)
The zap misses the orc wizard.
The orc wizard hits you but does no damage.
Casting: Shock (safe; 8% risk of failure)
Confirm with . or Enter, or press ? or * to list all spells.
You don't have enough magic to cast that spell.
Casting: Shock (safe; 8% risk of failure)
Confirm with . or Enter, or press ? or * to list all spells.
You don't have enough magic to cast that spell.
Casting: Shock (safe; 8% risk of failure)
Confirm with . or Enter, or press ? or * to list all spells.
You don't have enough magic to cast that spell.
You hit the orc wizard but do no damage.
The orc wizard is lightly wounded.
Your transformation is almost over.
The orc wizard hits you but does no damage.
You miss the orc wizard.
The orc wizard is lightly wounded.
The orc wizard hits you but does no damage.
You closely miss the orc wizard.
The orc wizard is lightly wounded.
The orc wizard hits you but does no damage.
You miss the orc wizard.
The orc wizard is lightly wounded.
The orc wizard barely misses you.
You hit the orc wizard but do no damage.
The orc wizard is lightly wounded.
The orc wizard hits you but does no damage.
You miss the orc wizard.
The orc wizard is lightly wounded.
The orc wizard hits you but does no damage.
You hit the orc wizard but do no damage.
The orc wizard is lightly wounded.
The orc wizard hits you but does no damage.
You miss the orc wizard.
The orc wizard is lightly wounded.
The orc wizard hits you with a dagger.
You barely miss the orc wizard.
The orc wizard is lightly wounded.
The orc wizard hits you but does no damage.
You closely miss the orc wizard.
The orc wizard is lightly wounded.
You feel less wooden. The orc wizard hits you with a dagger.
* * * LOW HITPOINT WARNING * * *
Casting: Shock (safe; 8% risk of failure)
Confirm with . or Enter, or press ? or * to list all spells.
Aiming: Shock (safe; 8% risk of failure)
Press: ? - help, Shift-Dir - straight line, f/p - orc wizard
Aim: an orc wizard, wielding a dagger and wearing a robe (lightly wounded, mute)
The zap misses the orc wizard.
The orc wizard barely misses you.
You hit the orc wizard but do no damage.
You tail-slap the orc wizard.
The orc wizard is heavily wounded.
The orc wizard closely misses you.
You miss the orc wizard.
The orc wizard is heavily wounded.
The orc wizard hits you but does no damage.
Found a stone staircase leading down.
Casting: Shock (safe; 8% risk of failure)
Confirm with . or Enter, or press ? or * to list all spells.
Aiming: Shock (safe; 8% risk of failure)
Press: ? - help, Shift-Dir - straight line, f/p - orc wizard
Aim: an orc wizard, wielding a dagger and wearing a robe (heavily wounded, mute)
The zap misses the orc wizard.
The orc wizard hits you with a dagger.
* * * LOW HITPOINT WARNING * * *
There is a stone staircase leading down here.
The orc wizard hits you with a dagger.
You die...

#.....##..#
##...#.##..## #
.......#......#....
#.###..#............
# #..#..'#######+.
##....#†..#
#....#...#
#.####.o.##.....
..>....@..###._.#
#.#####..## .....
....# #... #.#..#
... #.#..+ #.#... ..
.... .# #####


You could see an orc wizard (mute).

Vanquished Creatures
  2 dart slugs (D:1)
  A ball python (D:2)
  A giant cockroach (D:2)
  A goblin (D:1)
  A hobgoblin (D:1)
  A quokka (D:2)
  2 bats (D:1)
  4 kobolds (D:1)
  A rat (D:1)
14 creatures vanquished.

Notes
Turn   | Place    | Note
-------+----------+-------------------------------------------
     0 | D:1      | Mgcat the Draconian Air Elementalist began the quest for the Orb.
     0 | D:1      | Reached XP level 1. HP: 14/14 MP: 3/3
   346 | D:1      | Reached XP level 2. HP: 20/20 MP: 1/5
   383 | D:1      | Learned a level 2 spell: Swiftness
   800 | D:2      | Found a sacrificial altar of Ru.
   819 | D:2      | HP: 5/20 [orc wizard/dagger (3)]
   874 | D:2      | HP: 4/20 [orc wizard/dagger (2)]
   881 | D:2      | HP: 4/20 [orc wizard/dagger (1)]
   883 | D:2      | Slain by an orc wizard

Vault maps used:
D:1:      lightli_molten_gateway, hangedman_abyss_or_decor_stabs
D:2:      nicolae_dithmenos_shadow_blocks, nicolae_ru_great_annihilating_truth

Action                   || total
-------------------------++-------
Melee: Dagger            ||    80
       Tailslap          ||     4
 Cast: Shock             ||    37
  Use: Scroll            ||     3
       Potion            ||     2
Armor: Skin              ||    51
Dodge: Dodged            ||    27

Table legend:
 A = Spawn XP
 B = Non-spawn XP
 C = Spawn XP percentage of total XP
 D = Spawn monster count
 E = Non-spawn monster count
 F = Spawn count percentage of total count
 G = Total turns spent on level
                    A         B        C        D         E        F      G
               +---------+---------+-------+---------+---------+-------+---------
         Total |       0 |      27 |   0.0 |       0 |      14 |   0.0 |   883
               +---------+---------+-------+---------+---------+-------+---------
           D:1 |       0 |      21 |   0.0 |       0 |      11 |   0.0 |   729
           D:2 |       0 |       6 |   0.0 |       0 |       3 |   0.0 |   154
               +---------+---------+-------+---------+---------+-------+---------

Vault maps used:
D:1:      lightli_molten_gateway, hangedman_abyss_or_decor_stabs
D:2:      nicolae_dithmenos_shadow_blocks, nicolae_ru_great_annihilating_truth

Table legend:
 A = Turns spent in this place as a percentage of turns spent in the entire game.
 B = Non-inter-level travel turns spent in this place as a percentage of non-inter-level travel turns spent in the entire game.
 C = Inter-level travel turns spent in this place as a percentage of turns spent in this place.
 D = Turns resting spent in this place as a percentage of non-inter-level travel turns spent in this place.
 E = Turns spent auto-exploring this place as a percentage of non-inter-level travel turns spent in this place.
 F = Non-inter-level travel turns spent in this place divided by the number of levels of this place that you've seen.
                   A       B       C       D       E      F
               +-------+-------+-------+-------+-------+----------------------
         Total | 100.0 | 100.0 |   0.6 |   0.0 |  81.5 | 439.0
       Dungeon | 100.0 | 100.0 |   0.6 |   0.0 |  81.5 | 439.0
               +-------+-------+-------+-------+-------+----------------------

Table legend:
 A = Kills in this place as a percentage of kills in entire the game.
 B = Kills by you in this place as a percentage of kills by you in the entire game.
 C = Kills by friends in this place as a percentage of kills by friends in the entire game.
 D = Other kills in this place as a percentage of other kills in the entire game.
 E = Experience gained in this place as a percentage of experience gained in the entire game.
 F = Experience gained in this place divided by the number of levels of this place that you have seen.
                   A       B       C       D       E      F
               +-------+-------+-------+-------+-------+----------------------
         Total | 100.0 | 100.0 |   N/A |   N/A | 100.0 |  13.5
       Dungeon | 100.0 | 100.0 |   N/A |   N/A | 100.0 |  13.5
               +-------+-------+-------+-------+-------+----------------------
